 Dungeon Crawl Stone Soup version 0.26-a0-682-g294304f6e8 (webtiles) character file.

Game seed: 7955854249254009837

51 DogServant the Stinger (level 3, -5/19 HPs)
             Began as a Tengu Venom Mage on Oct 21, 2020.
             Slain by a goblin
             ... wielding a +0 club
             ... led by Robin
              (7 damage)
             ... on level 2 of the Dungeon.
             The game lasted 00:02:59 (1671 turns).

DogServant the Stinger (Tengu Venom Mage)           Turns: 1671, Time: 00:03:00

Health: -5/19      AC:  2    Str:  9    XL:     3   Next: 83%
Magic:  3/8        EV: 12    Int: 15    God:
Gold:   75         SH:  0    Dex: 14    Spells: 6/7 levels left

rFire    . . .     SeeInvis .   b - -1 short sword (curse)
rCold    . . .     Faith    .   (no shield)
rNeg     . . .     Spirit   .   a - +0 robe
rPois    .         Reflect  .   (helmet restricted)
rElec    .         Harm     .   (no cloak)
rCorr    .         Rampage  .   (no gloves)
MR       .....                  (boots unavailable)
Stlth    ++........             (no amulet)
HPRegen  0.06/turn              (no ring)
MPRegen  0.11/turn              (no ring)

@: no status effects
A: beak, talons 3
a: no special abilities


You were on level 2 of the Dungeon.
You visited 1 branch of the dungeon, and saw 2 of its levels.

You collected 75 gold pieces.

Inventory:

Hand Weapons
 b - a cursed -1 short sword (weapon)
 c - a +1 dagger of holy wrath
Armour
 a - a +0 robe (worn)
Scrolls
 d - 4 scrolls of teleportation {unknown}
 e - a scroll of identify {unknown}
 f - 3 scrolls of immolation {unknown}
 h - a scroll of blinking {unknown}
 i - a scroll of fear {unknown}
Potions
 g - 2 potions of curing {unknown}
 j - a potion of mutation {unknown}


   Skills:
 - Level 2.1 Dodging
 - Level 2.0 Stealth
 + Level 2.7 Spellcasting
 + Level 1.7 Transmutations
 + Level 3.6 Poison Magic


You had 6 spell levels left.
You knew the following spells:

 Your Spells              Type           Power        Failure   Level
a - Sting                 Tmut/Pois      ##..         7%          1

Your spell library contained the following spells:

 Spells                   Type           Power        Failure   Level
 Poisonous Vapours        Pois/Air       #.....       16%         2
 Ignite Poison            Fire/Tmut/Pois #.......     30%         3
 Mephitic Cloud           Conj/Pois/Air  #.......     36%         3
 Olgreb's Toxic Radiance  Pois           ##......     43%         4


Dungeon Overview and Level Annotations

Branches:
Dungeon (2/15)

Altars:

Annotations:
D:2 Robin


Innate Abilities, Weirdness & Mutations

You have a beak for a mouth.
You have claws for feet.


Message History

Your magical contamination has completely faded away.
You closely miss the goblin. The goblin closely misses you.
A goblin comes into view. It is wielding a +0 club.
The goblin closely misses you. The goblin hits you with a +0 dagger.
The goblin shouts!
You hit the goblin.
You kill the goblin!
A hobgoblin comes into view.
Robin throws the goblin at you! The goblin closely misses you.
The goblin hits you with a +0 dagger.
* * * LOW HITPOINT WARNING * * *
Robin throws the goblin at you!
* * * LOW HITPOINT WARNING * * *
The goblin misses you. The goblin hits you with a +0 dagger.
* * * LOW HITPOINT WARNING * * *
You see here a goblin corpse.
You barely miss the goblin. You claw the goblin.
The goblin is severely wounded.
The goblin hits you with a +0 club!
You die...

#.##......†.###.#
#......†....# .#
######†.###.# .#
#..# #.# .# ##
#..# #.# .# # ..
#..# #.###.##?##
##
#..###.##........
..........g.##....
###.###..g@g...# .
####.###.# #)# #g.
.g## .g# ...# ..g.
....g


You could see Robin, a hobgoblin (strong) and 5 goblins.

Vanquished Creatures
  An adder (D:2)
  A leopard gecko (D:1)
  4 bats (D:1)
  2 giant cockroaches (D:1)
  7 goblins
  7 hobgoblins
  4 jackals (D:2)
  3 kobolds (D:1)
  2 ball pythons
  A frilled lizard (D:1)
  7 rats
39 creatures vanquished.

Notes
Turn   | Place    | Note
-------+----------+-------------------------------------------
     0 | D:1      | DogServant the Tengu Venom Mage began the quest for the
                  | Orb.
     0 | D:1      | Reached XP level 1. HP: 10/10 MP: 4/4
   135 | D:1      | Reached skill level 1 in Transmutations
   239 | D:1      | Reached XP level 2. HP: 13/15 MP: 0/6
   794 | D:1      | Reached XP level 3. HP: 10/19 MP: 5/7
  1660 | D:2      | Noticed Robin
  1671 | D:2      | Slain by a goblin

Illustrated notes

Levels and vault maps discovered:
D:1:      minmay_arrival_shattered_statue, layout_loops_cross, minivault_4
D:2:      layout_loops_ring, minmay_misc_feat_hallway, uniq_natasha, uniq_robin

Skill      XL: |  1 |
---------------+----+-----
Transmutations | 1 |  1.7
Dodging        | |  2.1
Stealth        | |  2.0
Spellcasting   | |  2.7
Poison Magic   | |  3.6

Action                   || total
-------------------------++-------
Melee: Unarmed           ||     8
       Peck              ||     2
       Kick              ||     5
       Short sword       ||    25
 Cast: Sting             ||    54
Armor: Robe              ||    10
Dodge: Dodged            ||    39

Table legend: (Time is in decaauts)
 A = Elapsed time spent in this place.
 B = Non-inter-level travel time spent in this place.
 C = Inter-level travel time spent in this place.
 D = Time resting spent in this place.
 E = Time spent auto-exploring this place.
 F = Levels seen in this place.
 G = Mean time per level.
                   A        B        C        D        E       F      G
               +--------+--------+--------+--------+--------+-----+--------+
         Total |   1673 |   1667 |      6 |      0 |   1453 |   2 |  836.5 |
       Dungeon |   1673 |   1667 |      6 |      0 |   1453 |   2 |  836.5 |
               +--------+--------+--------+--------+--------+-----+--------+

Top non-repeatable levels by time:
     D:1: 1334 daAuts
     D:2: 338 daAuts
